 Dungeon Crawl Stone Soup version 0.28.0-43-g3370ac3207 (webtiles) character file.

Game seed: 6803557937707197493

231 smarlow the Magician (level 6, -4/40 HPs)
             Began as a Djinni Conjurer on Mar 5, 2022.
             Splashed by a jelly's acid (11 damage)
             ... on level 4 of the Dungeon.
             The game lasted 00:02:36 (3139 turns).

smarlow the Magician (Djinni Conjurer)              Turns: 3139, Time: 00:02:36

Health: -4/40      AC:  2    Str:  6    XL:     6   Next: 24%
Gold:   106        EV: 12    Int: 21    God:
                   SH:  0    Dex: 12

rFire   + + .      SeeInvis .   (no weapon)
rCold   x . .      Faith    .   (no shield)
rNeg    . . .      Spirit   .   a - +0 robe
rPois   ∞          Reflect  .   (no helmet)
rElec   .          Harm     .   d - scarf {+Inv}
rCorr   .          Rampage  .   (no gloves)
Will    .....                   (boots unavailable)
Stlth   ++........              (no amulet)
HPRegen 0.13/turn               (no ring)
MPRegen 0.00/turn               (no ring)

@: flying
A: sickness immunity, fire resistance 2, cold vulnerability 1, float, innate
caster, HP casting, extra vitality 1
a: Evoke Invisibility


You were on level 4 of the Dungeon.
You visited 1 branch of the dungeon, and saw 4 of its levels.

You collected 106 gold pieces.

Inventory:

Armour
 a - a +0 robe (worn)
 d - a scarf of invisibility (worn)
Scrolls
 b - 3 scrolls of identify
 c - a scroll of brand weapon {unknown}
 f - a scroll of teleportation {unknown}
Potions
 e - a potion of degeneration {unknown}
 g - a potion of heal wounds


   Skills:
 - Level 2.1 Dodging
 - Level 1.5 Stealth
 + Level 5.5 Spellcasting


You couldn't memorise any spells.
You knew the following spells:

 Your Spells              Type           Power      Damage    Failure   Level
a - Magic Dart            Conj           100%       1d8       1%          1
b - Searing Ray           Conj           58%        2d6       1%          2
c - Dazzling Flash        Conj/Hex       58%        N/A       3%          3
d - Fulminant Prism       Conj/Hex       14%        3d9       11%         4
e - Iskenderun's Mystic   Conj/Tloc      29%        2d7       11%         4
f - Apportation           Tloc           58%        N/A       1%          1
g - Wereblood             Tmut           29%        N/A       1%          2
Your spell library was empty.

Dungeon Overview and Level Annotations

Branches:
Dungeon (4/15)
 Temple: D:4-7

Altars:
Okawaru

Annotations:
D:3 Grinder


Innate Abilities, Weirdness & Mutations

You are immune to sickness and miasma.
You are immune to poison.
Your flesh is very heat resistant. (rF++)
You are vulnerable to cold. (rC-)
You float through the air rather than walking.
You learn spells naturally, not from books.
Your magical power is your life essence.
You have superior vitality. (+4 MHP)


Message History

* * * LOW HITPOINT WARNING * * *
The water moccasin skeleton bites you but does no damage.
The water moccasin skeleton misses you.
The searing ray hits the water moccasin skeleton!
You destroy the water moccasin skeleton!
* * * LOW HITPOINT WARNING * * *
You finish channelling your searing ray.
You have reached level 6!
Found a yellow potion.
You start resting.
A jelly comes into view.
You start resting.
A jelly is nearby!
You are too injured to fight recklessly!
Aiming: Magic Dart (safe; 1% risk of failure)
Press: ? - help, Q - select action, (/) - cycle Shift-Dir - straight line, f - jelly
Aim: a jelly (wandering, hasn't noticed you, 100% to hit)
The magic dart hits the jelly.
The jelly is heavily wounded.
* * * LOW HITPOINT WARNING * * *
Aiming: Magic Dart (safe; 1% risk of failure)
Press: ? - help, Q - select action, (/) - cycle Shift-Dir - straight line, f - you That beam is likely to hit you.
Continue anyway?
Okay, then.
Aiming: Magic Dart (safe; 1% risk of failure)
Press: ? - help, Q - select action, (/) - cycle Shift-Dir - straight line, f - jelly
Aim: a jelly (moderately wounded, 100% to hit)
The magic dart hits the jelly.
The jelly is heavily wounded.
* * * LOW HITPOINT WARNING * * *
Aiming: Magic Dart (safe; 1% risk of failure)
Press: ? - help, Q - select action, (/) - cycle Shift-Dir - straight line, f/p - jelly
Aim: a jelly (heavily wounded, 100% to hit)
The magic dart hits the jelly.
The jelly is severely wounded.
* * * LOW HITPOINT WARNING * * *
The jelly hits you.
* * * LOW HITPOINT WARNING * * *
You are splashed with acid!
You die...

## . ##.#
#.##...
#.#.... .
.!....J##
#.. #.# #@##
.g..#..##..#
...........#
.......<..##
.#####..###
####


You could see a jelly.

Vanquished Creatures
  A phantom (D:3)
  A water moccasin skeleton (D:4)
  2 adders
  An ufetubus (D:2)
  A worm (D:2)
  2 dart slugs
  3 orcs (D:3)
  10 endoplasms
  7 giant cockroaches
  10 goblins
  4 hobgoblins
  4 kobolds
  3 quokkas
  7 ball pythons
  4 bats
  2 frilled lizards
  13 rats
75 creatures vanquished.

Notes
Turn   | Place    | Note
-------+----------+-------------------------------------------
     0 | D:1      | smarlow the Djinni Conjurer began the quest for the Orb.
     0 | D:1      | Reached XP level 1. HP: 15/15 MP: 0/0
   152 | D:1      | Reached XP level 2. HP: 14/21 MP: 0/0
   808 | D:1      | Reached XP level 3. HP: 23/25 MP: 0/0
   808 | D:1      | Learned a level 1 spell: Apportation
  1159 | D:2      | Reached skill level 4 in Spellcasting
  1812 | D:2      | Reached XP level 4. HP: 30/31 MP: 0/0
  2298 | D:3      | Found a faded altar of an unknown god.
  2510 | D:3      | Noticed a phantom
  2532 | D:3      | Killed a phantom
  2533 | D:3      | Reached skill level 5 in Spellcasting
  2533 | D:3      | Reached XP level 5. HP: 17/35 MP: 0/0
  2533 | D:3      | Learned a level 2 spell: Wereblood
  2953 | D:3      | Found an iron altar of Okawaru.
  3090 | D:3      | Noticed Grinder
  3092 | D:3      | Paralysed by Grinder for 2 turns
  3103 | D:4      | Reached XP level 6. HP: 6/40 MP: 0/0
  3139 | D:4      | Splashed by a jelly's acid

Illustrated notes

Levels and vault maps discovered:
D:1:      lightli_arrival_isolated_outpost, layout_basic
D:2:      layout_basic, grunt_ministairs_5, minmay_pentomino_z4
D:3:      minmay_wonky_spiral, layout_loops_ring, okawaru_metal_pillars_1_2,
          hellmonk_ecumenical_altar_zigzags, uniq_grinder,
          uniq_crazy_yiuf_cottage
D:4:      layout_cave_pools, mainiacjoe_overflow_cross_hatched, serial_rivers,
          chequers_serial_rivers_micro_d, chequers_serial_rivers_room_b,
          chequers_serial_rivers_micro_a, chequers_serial_rivers_marsh,
          chequers_serial_rivers_small_3, kennysheep_small_spiral,
          dk_noncrumbling_4, uniq_robin

Skill      XL: |  1  2  3  4 |
---------------+-------------+-----
Spellcasting   | 4 5 |  5.5
Dodging        | |  2.1
Stealth        | |  1.5

Action                   |  1- 3 |  4- 6 || total
-------------------------+-------+-------++-------
 Cast: Magic Dart        |    76 |    75 ||   151
       Searing Ray       |       |     3 ||     3
       Iskenderun's Myst |       |     1 ||     1
  Use: Scroll            |       |     1 ||     1
       Potion            |       |     1 ||     1
Armor: Robe              |       |     2 ||     2
Dodge: Dodged            |       |    10 ||    10
